 Dungeon Crawl Stone Soup version 0.21-a0-522-ga8338f0 (webtiles) character file.

29908 Delacroix the Martial Artist (level 13, -14/71 HPs)
             Began as a Vine Stalker Monk on Dec 7, 2017.
             Was the Champion of Cheibriados.
             Demolished by a komodo dragon (27 damage)
             ... on level 5 of the Lair of Beasts.
             The game lasted 00:36:18 (15760 turns).

Delacroix the Martial Artist (Vine Stalker Monk)   Turns: 15760, Time: 00:36:19

Health: -14/71     AC: 10    Str: 29    XL:     13   Next: 48%
Magic:  0/22       EV: 19    Int: 29    God:    Cheibriados [******]
Gold:   970        SH:  0    Dex: 33    Spells: 14/18 levels left

rFire    . . .     SeeInvis +     - Unarmed
rCold    . . .     Gourm    .   (no shield)
rNeg     . . .     Faith    .   a - +1 robe of Intuition {rElec}
rPois    .         Spirit   +   R - +2 helmet {SInv}
rElec    +         Reflect  .   F - +0 cloak
rCorr    .         Harm     .   I - +0 pair of gloves
MR       +++..                  E - +1 pair of boots
Stlth    +++.......             Q - amulet of regeneration
HPRegen  1.41/turn              m - ring of protection from magic
MPRegen  0.18/turn              s - ring of protection from magic

@: about to teleport, very slow
A: fangs 3, regeneration 2, magic shield, antimagic bite, no potion heal 3, rot
immunity
a: Bend Time, Temporal Distortion, Slouch, Step From Time, Renounce Religion


You were on level 5 of the Lair of Beasts.
You worshipped Cheibriados.
Cheibriados was exalted by your worship.
You were not hungry.

You visited 3 branches of the dungeon, and saw 17 of its levels.
You also visited: Labyrinth and Ossuary.

You collected 970 gold pieces.

Inventory:

Armour
 a - the +1 robe of Intuition (worn) {rElec}
   (You found it on level 5 of the Lair of Beasts)

   It insulates you from electricity.
 p - a +0 plate armour
 E - a +1 pair of boots (worn)
 F - a +0 cloak (worn)
 I - a +0 pair of gloves (worn)
 R - a +2 helmet of see invisible (worn)
Jewellery
 k - an uncursed amulet of rage {unknown}
 m - a ring of protection from magic (left hand)
 n - an uncursed ring of ice
 s - a ring of protection from magic (right hand)
 Q - an amulet of regeneration (around neck)
Wands
 g - a wand of scattershot (6)
 h - a wand of polymorph (7)
 j - a wand of paralysis (4)
 x - a wand of digging (37)
 y - a wand of disintegration (13)
Scrolls
 c - 3 scrolls of magic mapping
 d - 16 scrolls of remove curse
 e - 4 scrolls of amnesia
 l - 2 scrolls of enchant weapon
 t - 3 scrolls of teleportation
 z - 3 scrolls of fear
 H - a scroll of enchant armour
Potions
 f - a potion of mutation
 i - 9 potions of curing
 o - 4 potions of flight
 q - a potion of brilliance {unknown}
 u - 3 potions of lignification
 v - 2 potions of ambrosia
 w - 2 potions of resistance
 B - 2 potions of agility
 D - 2 potions of cancellation
 O - a potion of invisibility
Miscellaneous
 G - a fan of gales
Comestibles
 b - 12 bread rations
 r - 9 meat rations
 A - 7 royal jellies
 C - 8 fruits
 J - 9 chunks of flesh


   Skills:
 + Level 9.7 Fighting
 + Level 6.1 Dodging
 - Level 2.4 Stealth
 + Level 12.5 Unarmed Combat
 + Level 3.0 Spellcasting
 + Level 3.1 Transmutations
 + Level 3.0 Earth Magic
 - Level 11.1 Invocations
 - Level 7.0 Evocations


You had 14 spell levels left.
You knew the following spells:

 Your Spells              Type           Power        Failure   Level  Hunger
a - Blink                 Tloc           N/A          12%         2    #......
b - Passwall              Tmut/Erth      ###.......   3%          2    #......


Dungeon Overview and Level Annotations

Branches:
Dungeon (11/15)            Temple (1/1) D:5            Lair (5/6) D:11
 Shoals (0/4) Lair:4        Snake (0/4) Lair:2        Slime (0/5) Lair:5
    Orc (0/2) D:11

Altars:
Ashenzari
Cheibriados
Dithmenos
Elyvilon
Fedhas
Gozag
Hepliaklqana
Kikubaaqudgha
Makhleb
Nemelex Xobeh
Okawaru
Qazlal
Sif Muna
Trog
Uskayaw
Vehumet
Xom
Yredelemnul
Zin
The Shining One

Annotations:
D:4 benny685's ghost, amateur MiMo


Innate Abilities, Weirdness & Mutations

You have razor-sharp teeth.
You heal very quickly.
When hurt, damage is shared between your health and your magic reserves.
Your bite disrupts and absorbs the magic of your enemies.
Potions cannot restore your health.
You are immune to rotting.


Message History

The death yak is severely wounded.
You hear a croak.
You hear a bleat!
The death yak gores you. The komodo dragon bites you!!
A death yak comes into view.
You punch the death yak! You punch the death yak. You bite the death yak.
You drain its power.
You feel invigorated.
You kill the death yak!
Cheibriados appreciates the change of pace.
Your Spellcasting skill increases to level 3!
The death yak moves out of view.
The komodo dragon misses you.
A blink frog comes into view.
The blink frog gives a loud, deep croak!
The blink frog blinks!
The komodo dragon bites you!! x2
* * * LOW HITPOINT WARNING * * *
2 dream sheep come into view.
As you read the scroll of teleportation, it crumbles to dust.
You feel strangely unstable.
The blink frog blinks!
The death yak gores you!
* * * LOW HITPOINT WARNING * * *
The komodo dragon bites you!!
You die...

.................
............Y..Y..
...................
....................
................(...
#....(.........<..#
##..........#Y..Y..#
##.#...P...#.§Y# ............l@#
#P.P.#.......# .......# ..
#.PPP........#....##......##..
#P...........##.............>.
##.......P.#.##.............#..
#####P......P....#.....P..#.#...#..
.#.##.P......PP....................
...................................
...................................


You could see 2 death yaks, a komodo dragon and 2 dream sheep.

Vanquished Creatures
  Gastronok (Lair:2)
  A minotaur (Lab)
  Fannar (Lair:3)
  A hydra (Lair:4)
  3 two-headed ogres
  A tengu warrior (D:11)
  A death yak (Lair:5)
  Nergalle (Lair:4)
  2 unseen horrors (D:10)
  Pikel (D:5)
  The ghost of slep the Chopper, a novice VSFi of Okawaru (D:7)
  A cyclops (D:11)
  2 black mambas
  Psyche (D:10)
  5 spiny frogs
  7 komodo dragons
  3 rime drakes
  A tengu conjurer (D:11)
  A polar bear (Lair:5)
  Prince Ribbit (D:5)
  14 blink frogs
  3 hippogriffs
  4 redbacks (Lab)
  A wyvern (D:8)
  A human (D:7)
  12 yaks
  A basilisk (Lair:2)
  3 hogs (D:7)
  Duvessa (D:5)
  4 water moccasins
  An orc warrior (D:8)
  7 porcupines
  3 ice beasts
  2 sky beasts
  10 centaurs
  5 ogres
  3 phantoms
  7 crocodiles
  2 elf zombies (D:8)
  17 bullfrogs
  3 water moccasin zombies
  An elf skeleton (D:8)
  Dowan (D:5)
  A scorpion (D:8)
  17 killer bees
  9 wights (D:6)
  3 howler monkeys
  4 centaur zombies
  7 crimson imps
  A jelly (D:7)
  A bullfrog zombie (Ossuary)
  2 hounds
  4 orc wizards
  An orc priest (D:8)
  A bullfrog skeleton (D:11)
  22 mummies (Ossuary)
  A human skeleton (D:8)
  5 iguanas
  13 worker ants
  A killer bee zombie (Ossuary)
  2 hound zombies
  3 hound skeletons
  2 worker ant zombies (Ossuary)
  7 gnolls
  11 adders
  3 shadow imps
  2 oozes (D:2)
  4 adder zombies
  3 worms
  3 dart slugs
  7 leopard geckos
  18 orcs
  3 ball pythons
  7 giant cockroaches
  11 goblins
  7 hobgoblins
  19 jackals
  3 quokkas
  2 bats
  7 frilled lizards
  A jackal zombie (Ossuary)
  10 kobolds
  2 orc skeletons (D:8)
  3 quokka zombies
  7 rats
382 creatures vanquished.

Vanquished Creatures (others)
  A slave (D:5)
  A phantom (D:5)
  A plant (D:11)
  A withered plant (Ossuary)
4 creatures vanquished.

Grand Total: 386 creatures vanquished

Notes
Turn   | Place    | Note
-------+----------+-------------------------------------------
     0 | D:1      | Delacroix the Vine Stalker Monk began the quest for the Orb.
     0 | D:1      | Reached XP level 1. HP: 11/11 MP: 2/2
    36 | D:1      | Reached XP level 2. HP: 16/16 MP: 3/3
  1106 | D:1      | Reached XP level 3. HP: 13/20 MP: 1/4
  2001 | D:2      | HP: 1/20 [gnoll/whip (1)]
  2004 | D:1      | Reached skill level 4 in Unarmed Combat
  2004 | D:1      | Gained mutation: Your natural rate of healing is unusually fast. [Vine Stalker growth]
  2004 | D:1      | Reached XP level 4. HP: 2/24 MP: 2/5
  2260 | D:2      | Found an ancient bone altar of Kikubaaqudgha.
  2670 | D:3      | Reached XP level 5. HP: 28/28 MP: 6/6
  2678 | D:3      | Reached skill level 5 in Unarmed Combat
  3244 | D:2      | Reached skill level 6 in Unarmed Combat
  3244 | D:2      | Reached XP level 6. HP: 17/32 MP: 7/7
  3557 | D:4      | Noticed benny685's ghost (amateur MiMo)
  4217 | D:4      | Reached skill level 1 in Evocations
  4301 | D:5      | Entered Level 5 of the Dungeon
  4316 | D:5      | Found a staircase to the Ecumenical Temple.
  4330 | D:5      | Noticed Duvessa
  4330 | D:5      | Noticed Dowan
  4338 | D:5      | Noticed a phantom
  4346 | Temple   | Entered the Ecumenical Temple
  4443 | Temple   | Became a worshipper of Cheibriados the Contemplative
  4443 | Temple   | Reached * piety under Cheibriados
  4443 | Temple   | Reached ** piety under Cheibriados
  4478 | D:5      | Killed Duvessa
  4478 | D:5      | Reached skill level 7 in Unarmed Combat
  4478 | D:5      | Reached XP level 7. HP: 19/36 MP: 4/9
  4486 | D:5      | Killed Dowan
  5099 | D:5      | Noticed Prince Ribbit
  5114 | D:5      | Killed Prince Ribbit
  5114 | D:5      | Reached skill level 5 in Evocations
  5114 | D:5      | Gained mutation: You have razor-sharp teeth. [Vine Stalker growth]
  5114 | D:5      | Reached XP level 8. HP: 12/40 MP: 12/12
  5190 | D:5      | Noticed Pikel
  5202 | D:5      | Killed Pikel
  5428 | D:5      | Found a hazy altar of Hepliaklqana.
  5428 | D:5      | Found a deep blue altar of Sif Muna.
  5429 | D:5      | Found a sparkling altar of Nemelex Xobeh.
  5532 | D:6      | Reached skill level 1 in Invocations
  5752 | D:6      | Reached XP level 9. HP: 16/44 MP: 9/15
  5998 | D:6      | Reached skill level 5 in Invocations
  6118 | D:6      | Reached *** piety under Cheibriados
  6785 | D:7      | Found an iron altar of Okawaru.
  7016 | D:7      | Noticed slep's ghost (novice VSFi)
  7033 | D:7      | Killed slep's ghost
  7094 | D:7      | Reached XP level 10. HP: 14/49 MP: 14/17
  7664 | D:7      | Reached **** piety under Cheibriados
  7748 | D:8      | Reached skill level 10 in Invocations
  8037 | D:8      | Found a sand-covered staircase.
  8047 | Ossuary  | Entered an ossuary
  8071 | Ossuary  | Reached ***** piety under Cheibriados
  8494 | D:8      | Found a white marble altar of Elyvilon.
  8496 | D:8      | Noticed a two-headed ogre
  8503 | D:8      | Killed a two-headed ogre
  9153 | D:9      | Reached XP level 11. HP: 53/53 MP: 20/20
  9255 | D:9      | Reached skill level 8 in Unarmed Combat
  9789 | D:10     | Entered Level 10 of the Dungeon
  9853 | D:10     | Noticed a two-headed ogre
  9859 | D:10     | Killed a two-headed ogre
  9859 | D:10     | Reached skill level 5 in Fighting
  9946 | D:10     | Killed an unseen horror
  9946 | D:10     | Reached skill level 5 in Dodging
 10023 | D:10     | Noticed Psyche
 10030 | D:10     | Killed Psyche
 10034 | D:10     | Killed an unseen horror
 10295 | D:11     | Found a sparkling altar of Nemelex Xobeh.
 10388 | D:11     | Noticed a tengu warrior
 10397 | D:11     | Reached skill level 9 in Unarmed Combat
 10406 | D:11     | Killed a tengu warrior
 10504 | D:11     | Noticed a two-headed ogre
 10507 | D:11     | Noticed a cyclops
 10515 | D:11     | Killed a two-headed ogre
 10519 | D:11     | Killed a cyclops
 10763 | D:11     | Got an encrusted spear
 10796 | D:11     | Found a staircase to the Lair.
 10802 | D:11     | Found a staircase to the Orcish Mines.
 10811 | D:11     | Reached skill level 10 in Unarmed Combat
 11204 | Lair:1   | Entered Level 1 of the Lair of Beasts
 11227 | Lair:1   | Gained mutation: You heal very quickly. [Vine Stalker growth]
 11227 | Lair:1   | Reached XP level 12. HP: 55/61 MP: 21/21
 11658 | Lair:1   | Found a stormy altar of Qazlal.
 11875 | Lair:1   | Reached ****** piety under Cheibriados
 12484 | Lair:2   | Found a staircase to the Snake Pit.
 12514 | Lair:2   | Reached skill level 11 in Unarmed Combat
 12540 | Lair:2   | Found a labyrinth entrance.
 12547 | Lab      | Entered a labyrinth
 12896 | Lab      | Noticed a minotaur
 12902 | Lab      | Killed a minotaur
 12913 | Lab      | Identified the Volume of Enchantment
 13004 | Lair:2   | Noticed Gastronok
 13019 | Lair:2   | Killed Gastronok
 13677 | Lair:3   | Reached skill level 12 in Unarmed Combat
 13719 | Lair:3   | Got a shimmering long sword
 13807 | Lair:3   | Identified the Reference Book on Necromancy and Transmigration
 13807 | Lair:3   | Noticed Fannar
 13817 | Lair:3   | Killed Fannar
 13847 | Lair:2   | Learned a level 2 spell: Blink
 13855 | Lair:2   | Learned a level 2 spell: Passwall
 13886 | Lair:3   | Reached XP level 13. HP: 42/70 MP: 15/22
 14182 | Lair:3   | Reached skill level 1 in Spellcasting
 14182 | Lair:3   | Reached skill level 1 in Transmutations
 14182 | Lair:3   | Reached skill level 1 in Earth Magic
 14560 | Lair:4   | Got a brightly glowing pewter ring
 14699 | Lair:4   | Identified the ring of Ascent {*Tele rElec rPois rF+} (You found it on level 4 of the Lair of Beasts)
 14920 | Lair:4   | Noticed Nergalle
 14930 | Lair:4   | Killed Nergalle
 15146 | Lair:4   | Found a staircase to the Shoals.
 15250 | Lair:4   | Got a translucent naga barding
 15447 | Lair:5   | Got a tattered robe
 15462 | Lair:5   | Identified the +1 robe of Intuition {rElec} (You found it on level 5 of the Lair of Beasts)
 15671 | Lair:5   | Found a staircase to the Slime Pits.
 15760 | Lair:5   | Demolished by a komodo dragon

Vault maps used:
D:1:      nicolae_arrival_somewhat_less_tricky_arrival
D:2:      kiku_gazebo_garden_becter
D:3:      grunt_ministairs_1
D:4:      first_bread
D:5:      gammafunk_temple_overflow_claw, minmay_temple_entry_large_hall,
          uniq_duvessa, uniq_pikel, uniq_prince_ribbit1
D:6:      lemuel_ice_spiral_2
D:7:      kennysheep_okawaru_gauntlet, nicolae_overflow_hidden_temple,
          grunt_livestock
D:8:      nicolae_overflow_crystal_walls, nicolae_ossuary_entry_catacombs
D:10:     minmay_misc_feat_four_crosses, uniq_psyche
D:11:     david_lair_shrubbed, orc_0_dummy, nemelex_xobeh_ov_fountains_minmay
Temple:   eino_temple_water
Lair:1:   lemuel_centaur_altar
Lair:2:   dummy_snake_entry, lab_entry_generic, uniq_gastronok
Lair:3:   uniq_fannar
Lair:4:   elwin_shoals_entry_rooms, grunt_megastairs_2, uniq_nergalle
Lair:5:   slime_dummy
Lab:      nicolae_lab_dead_adventurers, nicolae_lab_dead_end,
          nicolae_lab_hexagon
Ossuary:  ossuary_zaba_flooded

Skill      XL: |  1  2  3  4  5  6  7  8  9 10 11 12 13 |
---------------+----------------------------------------+-----
Fighting       | 3 4 6 9 |  9.7
Dodging        | 3 4 6 |  6.1
Unarmed Combat | 4 6 7 10 12 | 12.5
Evocations     | 2 5 7 |  7.0
Invocations    | 3 9 11 | 11.1
Spellcasting   | 3 |  3.0
Transmutations | 3 |  3.1
Earth Magic    | 3 |  3.0
Stealth        | |  2.4

Action                   |  1- 3 |  4- 6 |  7- 9 | 10-12 | 13-15 || total
-------------------------+-------+-------+-------+-------+-------++-------
Melee: Unarmed           |    99 |   270 |   230 |   666 |   120 ||  1385
       Bite              |    30 |    81 |   116 |   401 |    70 ||   698
       Punch             |     1 |     5 |     9 |    48 |    10 ||    73
Invok: Slouch            |       |       |       |     4 |       ||     4
       Bend Time         |       |       |       |       |     5 ||     5
Evoke: Wand              |       |       |    14 |     5 |       ||    19
  Use: Scroll            |     1 |     4 |     6 |     6 |    15 ||    32
       Potion            |       |       |       |     2 |       ||     2
 Stab: Sleeping          |     1 |       |       |     3 |     1 ||     5
       Paralysed         |       |       |    10 |    16 |       ||    26
       Distracted        |       |       |       |     3 |       ||     3
  Eat: Chunk             |     2 |     8 |     5 |    12 |     5 ||    32
       Fruit             |       |       |     1 |       |       ||     1
Armor: Robe              |     5 |       |       |       |     6 ||    11
       Scale mail        |     8 |   102 |    62 |   119 |       ||   291
       Plate armour      |       |       |       |   186 |    20 ||   206
Dodge: Dodged            |    73 |   123 |   104 |   375 |    73 ||   748

Table legend:
 A = Spawn XP
 B = Non-spawn XP
 C = Spawn XP percentage of total XP
 D = Spawn monster count
 E = Non-spawn monster count
 F = Spawn count percentage of total count
 G = Total turns spent on level
                    A         B        C        D         E        F      G
               +---------+---------+-------+---------+---------+-------+---------
         Total |       0 |   42727 |   0.0 |       0 |     382 |   0.0 | 15760
               +---------+---------+-------+---------+---------+-------+---------
           D:1 |       0 |      63 |   0.0 |       0 |      27 |   0.0 |  1870
           D:2 |       0 |     161 |   0.0 |       0 |      25 |   0.0 |   742
           D:3 |       0 |     117 |   0.0 |       0 |      33 |   0.0 |  1169
           D:4 |       0 |     175 |   0.0 |       0 |      11 |   0.0 |   520
           D:5 |       0 |    1455 |   0.0 |       0 |      12 |   0.0 |   672
           D:6 |       0 |    1107 |   0.0 |       0 |      23 |   0.0 |  1256
           D:7 |       0 |    2381 |   0.0 |       0 |      19 |   0.0 |   948
           D:8 |       0 |    2842 |   0.0 |       0 |      35 |   0.0 |  1044
           D:9 |       0 |    1202 |   0.0 |       0 |      30 |   0.0 |   642
          D:10 |       0 |    3656 |   0.0 |       0 |      18 |   0.0 |   472
          D:11 |       0 |    4125 |   0.0 |       0 |      27 |   0.0 |   943
        Lair:1 |       0 |    4357 |   0.0 |       0 |      24 |   0.0 |  1280
        Lair:2 |       0 |    5752 |   0.0 |       0 |      19 |   0.0 |   830
        Lair:3 |       0 |    3320 |   0.0 |       0 |      11 |   0.0 |   687
        Lair:4 |       0 |    4961 |   0.0 |       0 |      17 |   0.0 |  1042
        Lair:5 |       0 |    4285 |   0.0 |       0 |      12 |   0.0 |   315
           Lab |       0 |    1919 |   0.0 |       0 |       5 |   0.0 |   402
       Ossuary |       0 |     849 |   0.0 |       0 |      34 |   0.0 |   372
               +---------+---------+-------+---------+---------+-------+---------
